 Dungeon Crawl Stone Soup version 0.22.1-1-ga44c0e5 (webtiles) character file.

2440 Goblin1989 the Ducker (level 9, -2/69 HPs)
             Began as a Gnoll Gladiator on Oct 15, 2018.
             Was a Priest of Dithmenos.
             Slain by a cyan ugly thing (17 damage)
             ... on level 7 of the Dungeon.
             The game lasted 00:15:11 (7411 turns).

Goblin1989 the Ducker (Gnoll Gladiator)             Turns: 7411, Time: 00:15:13

Health: -2/69      AC:  5    Str: 16    XL:     9   Next: 49%
Magic:  16/16      EV: 17    Int: 12    God:    Dithmenos [***...]
Gold:   251        SH:  0    Dex: 17    Spells: 16/16 levels left

rFire    x . .     SeeInvis .   b - +2 dagger (venom)
rCold    + . .     Gourm    .   (no shield)
rNeg     . . .     Faith    .   X - +0 leather armour
rPois    .         Spirit   .   c - +0 helmet
rElec    .         Reflect  .   T - +0 cloak
rCorr    .         Harm     .   (no gloves)
MR       .....                  (no boots)
Stlth    +++.......             (no amulet)
HPRegen  0.21/turn              C - -2 ring of intelligence (curse)
MPRegen  0.15/turn              U - ring of ice

@: wreathed by umbra
A: distributed training, claws 1, fangs 1, blurry vision 1, high mp 1, sense
surroundings 1, strong nose
a: Shadow Step, Renounce Religion


You were on level 7 of the Dungeon.
You worshipped Dithmenos.
Dithmenos was most pleased with you.
You were not hungry.

You visited 1 branch of the dungeon, and saw 7 of its levels.

You collected 251 gold pieces.

Inventory:

Hand Weapons
 a - a +1 war axe of freezing
 b - a +2 dagger of venom (weapon)
 z - a +0 shortbow
Missiles
 M - 5 needles of sleeping
 N - 76 arrows
 R - 10 tomahawks
 S - 42 sling bullets
 V - 292 stones {@Q3}
 Z - 3 throwing nets (quivered) {!d , @Q1}
Armour
 c - a +0 helmet (worn)
 T - a +0 cloak (worn)
 X - a +0 leather armour (worn)
Jewellery
 l - an uncursed ring of flight
 C - a cursed -2 ring of intelligence (left claw)
 U - a ring of ice (right claw)
Scrolls
 y - a scroll of fear {unknown}
 A - a scroll of immolation {unknown}
 I - 2 scrolls of remove curse {unknown}
 O - 3 scrolls of teleportation {unknown}
 W - a scroll of blinking {unknown}
 Y - 9 scrolls of identify {unknown}
Potions
 x - a potion of agility {unknown}
 B - 2 potions of ambrosia {unknown}
 D - a potion of curing {@q1}
 E - a potion of flight {unknown}
 F - 2 potions of resistance {unknown}
 G - a potion of lignification {unknown}
 H - 3 potions of invisibility {unknown}
 J - 2 potions of cancellation {unknown}
 K - 3 potions of haste {unknown}
 L - a potion of mutation {!q}
 P - a potion of might {@q4}
 Q - a potion of brilliance {unknown}
Comestibles
 e - 13 rations
 w - 2 chunks of flesh


   Skills:
 + Level 6.3 Fighting
 + Level 4.2 Short Blades
 + Level 4.2 Long Blades
 + Level 7.9 Axes
 + Level 4.2 Maces & Flails
 + Level 4.2 Polearms
 + Level 4.2 Staves
 + Level 4.2 Slings
 + Level 4.2 Bows
 + Level 4.2 Crossbows
 + Level 6.3 Throwing
 + Level 4.2 Armour
 + Level 7.9 Dodging
 + Level 4.2 Stealth
 + Level 4.2 Shields
 + Level 4.2 Unarmed Combat
 + Level 4.2 Spellcasting
 + Level 3.4 Conjurations
 + Level 3.4 Hexes
 + Level 3.4 Charms
 + Level 3.4 Summonings
 + Level 3.4 Necromancy
 + Level 3.4 Translocations
 + Level 3.4 Transmutations
 + Level 3.4 Fire Magic
 + Level 3.4 Ice Magic
 + Level 3.4 Air Magic
 + Level 3.4 Earth Magic
 + Level 3.4 Poison Magic
 + Level 4.6 Invocations
 + Level 4.2 Evocations


You had 16 spell levels left.
You didn't know any spells.
Your spell library was empty.

Dungeon Overview and Level Annotations

Branches:
Dungeon (7/15)             Temple (0/1) D:5

Altars:
Dithmenos
Elyvilon
Fedhas
Kikubaaqudgha
Sif Muna
Trog
Vehumet
Xom

Annotations:
D:5 1 runed door
D:6 1 runed door, emiel's ghost, novice GnFi


Innate Abilities, Weirdness & Mutations

Your experience applies equally to all skills.
You have very sharp teeth.
Your uncanny sense of smell can sniff out nearby items.
You have sharp fingernails.
Scrolls take you a little longer to read.
You have an increased reservoir of magic. (+10% MP)
You passively map a small area around you.


Message History

V - 292 stones {@Q3} (gained 18)
You open the door.
Found an escape hatch in the floor.
There is an open door here.
x - a purple potion A jackal comes into view.
A jackal is nearby!
You catch the helpless jackal completely off-guard!
You impale the jackal!!
You kill the jackal!
Dithmenos accepts your kill.
No target in view!
No target in view!
No target in view!
No target in view!
No target in view!
No target in view!
No target in view!
No target in view!
No target in view!
No target in view!
No target in view!
No target in view!
No target in view!
No target in view!
No target in view!
No target in view!
No target in view!
No target in view!
No target in view!
No target in view!
No target in view!
You butcher the jackal corpse.
w - 3 chunks of flesh Eating one of 3 chunks of flesh.
You eat one of the 3 chunks of flesh.
This raw flesh tastes terrible.
A cyan ugly thing comes into view.
A cyan ugly thing is nearby!
The helpless cyan ugly thing fails to defend itself.
You stick the cyan ugly thing like a pincushion!!!
The cyan ugly thing looks as sick as possible!
The cyan ugly thing is heavily wounded.
The cyan ugly thing trunk-slaps you! The cyan ugly thing shocks you!
You take 27 damage, and have 42/69 hp.
MASSIVE DAMAGE!!
You hit the cyan ugly thing but do no damage.
The cyan ugly thing looks as sick as possible!
The cyan ugly thing is heavily wounded.
The cyan ugly thing closely misses you.
You hit the cyan ugly thing.
The cyan ugly thing is heavily wounded.
The cyan ugly thing barely misses you.
You barely miss the cyan ugly thing.
The cyan ugly thing is severely wounded.
The cyan ugly thing trunk-slaps you but does no damage.
You hit the cyan ugly thing but do no damage.
The cyan ugly thing looks as sick as possible!
The cyan ugly thing is severely wounded.
You barely miss the cyan ugly thing.
The cyan ugly thing is severely wounded.
The cyan ugly thing trunk-slaps you. The cyan ugly thing shocks you!
* * * LOW HITPOINT WARNING * * *
You are too injured to fight recklessly!
You take 14 damage, and have 29/69 hp.
MASSIVE DAMAGE!!
You are too injured to fight recklessly!
You are too injured to fight recklessly!
You are too injured to fight recklessly!
You are too injured to fight recklessly!
You are too injured to fight recklessly!
You are too injured to fight recklessly!
You are too injured to fight recklessly!
You are too injured to fight recklessly!
You are too injured to fight recklessly!
You are too injured to fight recklessly!
You are too injured to fight recklessly!
You are too injured to fight recklessly!
You are too injured to fight recklessly!
You are too injured to fight recklessly!
You are too injured to fight recklessly!
You are too injured to fight recklessly!
You are too injured to fight recklessly!
You are too injured to fight recklessly!
You are too injured to fight recklessly!
You are too injured to fight recklessly!
You are too injured to fight recklessly!
You are too injured to fight recklessly!
You hit the cyan ugly thing.
The cyan ugly thing is severely wounded.
The cyan ugly thing misses you.
Put on which piece of jewellery? (? for menu, Esc to quit)
You remove your ring of flight.
You feel more attuned to ice.
U - a ring of ice (right claw)
The cyan ugly thing closely misses you.
You hit the cyan ugly thing but do no damage.
The cyan ugly thing looks as sick as possible!
The cyan ugly thing is severely wounded.
The cyan ugly thing trunk-slaps you!
* * * LOW HITPOINT WARNING * * *
The cyan ugly thing shocks you!
You die... · ▓ ▓ · ▓ █. · ..·.. ▓· · ▓█. █. ▓·▓ · █.██.███ ▓ .. ... · ▓█.▓..█ · █u██.███(█ ██▲██

█.@......█ ██...██
████.█████ ██.....██
███.█ ██.......██
██.█.█
█.........████.>..█
·▲.....<...∆.......█
█.........████....█
██.......██████.█.███
██.....███.........█


You could see a cyan ugly thing.

Vanquished Creatures
  Grinder (D:5)
  Prince Ribbit (D:5)
  A sky beast (D:5)
  A phantom (D:4)
  3 eyes of draining (D:5)
  2 centaurs
  A bullfrog (D:6)
  A scorpion (D:5)
  7 killer bees
  A howler monkey (D:6)
  2 crimson imps
  A jelly (D:6)
  2 orc wizards
  2 orc priests (D:3)
  A bullfrog skeleton (D:4)
  A centaur skeleton (D:5)
  2 iguanas
  A killer bee zombie (D:6)
  15 worker ants
  A worker ant zombie (D:6)
  9 adders
  4 gnolls
  A shadow imp (D:5)
  3 oozes
  2 adder skeletons (D:6)
  4 worms
  3 dart slugs
  2 leopard geckos
  9 orcs
  A ball python (D:1)
  8 giant cockroaches
  7 goblins
  8 hobgoblins
  21 jackals
  6 kobolds (D:1)
  3 quokkas
  3 bats
  6 frilled lizards
  A leopard gecko skeleton (D:5)
  6 rats
154 creatures vanquished.

Notes
Turn   | Place    | Note
-------+----------+-------------------------------------------
     0 | D:1      | Goblin1989 the Gnoll Gladiator began the quest for the Orb.
     0 | D:1      | Reached XP level 1. HP: 20/20 MP: 1/1
    87 | D:1      | Reached XP level 2. HP: 26/26 MP: 2/2
   406 | D:1      | Reached XP level 3. HP: 29/31 MP: 3/3
   869 | D:1      | HP: 1/31 [poisoned by a kobold]
  1334 | D:1      | Reached skill level 1 in Invocations
  1470 | D:2      | Reached skill level 1 in Short Blades
  1470 | D:2      | Reached skill level 1 in Long Blades
  1470 | D:2      | Reached skill level 1 in Maces & Flails
  1470 | D:2      | Reached skill level 1 in Polearms
  1470 | D:2      | Reached skill level 1 in Staves
  1470 | D:2      | Reached skill level 1 in Slings
  1470 | D:2      | Reached skill level 1 in Bows
  1470 | D:2      | Reached skill level 1 in Crossbows
  1470 | D:2      | Reached skill level 1 in Armour
  1470 | D:2      | Reached skill level 1 in Stealth
  1470 | D:2      | Reached skill level 1 in Shields
  1470 | D:2      | Reached skill level 1 in Unarmed Combat
  1470 | D:2      | Reached skill level 1 in Spellcasting
  1470 | D:2      | Reached skill level 1 in Evocations
  1509 | D:2      | Found a shadowy altar of Dithmenos.
  1549 | D:2      | Became a worshipper of Dithmenos the Shadowed
  1594 | D:2      | Reached XP level 4. HP: 38/38 MP: 5/5
  1863 | D:2      | Reached skill level 1 in Conjurations
  1863 | D:2      | Reached skill level 1 in Hexes
  1863 | D:2      | Reached skill level 1 in Charms
  1863 | D:2      | Reached skill level 1 in Summonings
  1863 | D:2      | Reached skill level 1 in Necromancy
  1863 | D:2      | Reached skill level 1 in Translocations
  1863 | D:2      | Reached skill level 1 in Transmutations
  1863 | D:2      | Reached skill level 1 in Fire Magic
  1863 | D:2      | Reached skill level 1 in Ice Magic
  1863 | D:2      | Reached skill level 1 in Air Magic
  1863 | D:2      | Reached skill level 1 in Earth Magic
  1863 | D:2      | Reached skill level 1 in Poison Magic
  2096 | D:2      | Reached XP level 5. HP: 41/43 MP: 6/6
  2162 | D:2      | Found a blossoming altar of Fedhas.
  2202 | D:2      | Reached * piety under Dithmenos
  2856 | D:3      | Found a white marble altar of Elyvilon.
  2891 | D:3      | Reached XP level 6. HP: 50/50 MP: 8/8
  3265 | D:3      | Found a radiant altar of Vehumet.
  3266 | D:3      | Found a deep blue altar of Sif Muna.
  3647 | D:4      | Reached skill level 5 in Fighting
  3647 | D:4      | Reached skill level 5 in Throwing
  3871 | D:4      | Noticed a phantom
  3916 | D:4      | Killed a phantom
  3916 | D:4      | Reached XP level 7. HP: 36/56 MP: 10/10
  4198 | D:5      | Entered Level 5 of the Dungeon
  4246 | D:5      | Found an ancient bone altar of Kikubaaqudgha.
  4256 | D:5      | Noticed Prince Ribbit
  4373 | D:5      | Reached ** piety under Dithmenos
  4549 | D:5      | Killed Prince Ribbit
  4549 | D:5      | Reached XP level 8. HP: 48/63 MP: 10/12
  4665 | D:5      | Found a bloodstained altar of Trog.
  5191 | D:5      | Found a runed door.
  5195 | D:5      | Noticed Grinder
  5207 | D:5      | Paralysed by Grinder for 5 turns
  5214 | D:5      | Killed Grinder
  5595 | D:5      | Found a runed door.
  5622 | D:5      | Reached XP level 9. HP: 47/69 MP: 14/14
  5842 | D:5      | Found a staircase to the Ecumenical Temple.
  6049 | D:6      | Reached *** piety under Dithmenos
  6050 | D:6      | HP: 3/69 [killer bee (7)]
  6052 | D:6      | Gained mutation: Scrolls take you a little longer to read.
                  | [potion of mutation]
  6052 | D:6      | Gained mutation: You have an increased reservoir of magic.
                  | (+10% MP) [potion of mutation]
  6052 | D:6      | Gained mutation: You passively map a small area around you.
                  | [potion of mutation]
  6052 | D:6      | Gained mutation: You have sharp fingernails. [potion of
                  | mutation]
  6508 | D:6      | Noticed a spear of chaos
  6509 | D:6      | Found a shimmering altar of Xom.
  6509 | D:6      | Noticed emiel's ghost (novice GnFi)
  6510 | D:6      | Found a runed door.
  6730 | D:6      | Found a white marble altar of Elyvilon.
  7399 | D:7      | Noticed a cyan ugly thing
  7411 | D:7      | Slain by a cyan ugly thing

Skill      XL: |  1  2  3  4  5  6  7  8  9 |
---------------+----------------------------+-----
Invocations    | 1 2 3 4 |  4.6
Short Blades   | 1 2 3 4 |  4.2
Long Blades    | 1 2 3 4 |  4.2
Maces & Flails | 1 2 3 4 |  4.2
Polearms       | 1 2 3 4 |  4.2
Staves         | 1 2 3 4 |  4.2
Slings         | 1 2 3 4 |  4.2
Bows           | 1 2 3 4 |  4.2
Crossbows      | 1 2 3 4 |  4.2
Armour         | 1 2 3 4 |  4.2
Stealth        | 1 2 3 4 |  4.2
Shields        | 1 2 3 4 |  4.2
Unarmed Combat | 1 2 3 4 |  4.2
Spellcasting   | 1 2 3 4 |  4.2
Evocations     | 1 2 3 4 |  4.2
Conjurations   | 1 2 3 |  3.4
Hexes          | 1 2 3 |  3.4
Charms         | 1 2 3 |  3.4
Summonings     | 1 2 3 |  3.4
Necromancy     | 1 2 3 |  3.4
Translocations | 1 2 3 |  3.4
Transmutations | 1 2 3 |  3.4
Fire Magic     | 1 2 3 |  3.4
Ice Magic      | 1 2 3 |  3.4
Air Magic      | 1 2 3 |  3.4
Earth Magic    | 1 2 3 |  3.4
Poison Magic   | 1 2 3 |  3.4
Fighting       | 5 6 |  6.3
Throwing       | 5 6 |  6.3
Axes           | 7 |  7.9
Dodging        | 7 |  7.9

Action                   |  1- 3 |  4- 6 |  7- 9 || total
-------------------------+-------+-------+-------++-------
Melee: War axe           |    81 |     5 |       ||    86
       Bite              |    11 |    37 |    38 ||    86
       Dagger            |    27 |   197 |   324 ||   548
       Punch             |       |     1 |     5 ||     6
Throw: Throwing net      |     1 |       |       ||     1
  Use: Potion            |       |       |     5 ||     5
       Scroll            |       |       |     1 ||     1
 Stab: Sleeping          |     1 |     1 |     7 ||     9
       Distracted        |       |       |     2 ||     2
  Eat: Chunk             |     2 |     8 |    11 ||    21
Armor: Leather armour    |    29 |    28 |    36 ||    93
Dodge: Dodged            |   112 |   134 |   278 ||   524

Vault maps used:
D:1:      minmay_arrival_three_doors
D:2:      lemuel_doored_altar, fedhas_altar_2
D:3:      gammafunk_temple_overflow_pools, lemuel_crystal_altar
D:4:      first_ration
D:5:      lemuel_insect_pit, kiku_gazebo_garden_becter, trog_eyes_of_draining,
          lemuel_temple_firewalk_b, uniq_prince_ribbit1, uniq_grinder
D:6:      basic_altar, ebering_ghost_xom, serial_bayou_pond_a
D:7:      nicolae_gozag_seed_capital
